AoeStats
← CounterTargetSpell

Lombardia

507928709Analyzed
4v4 RM · 13d ago on Sep 20, 2026· 52m 39s· 8 players
Game mode
Random Map
Map size
Large (8 player)
Population
200
Speed
Normal
Resources
Standard
Victory
Conquest
Starting age
Dark Age
Ending age
Imperial Age
RankedLock teamsTeams togetherTeam positionsShared explorationLock speedFull tech treeHidden civsTurbo modeCheats
Victory
Defeat
🇨🇴 Hindustanis · Colombia
927
+14
🇵🇦 Tupi · Panama
915
+14
🇨🇴 Aztecs · Colombia
907
+15
🇨🇴 Poles · Colombia
863
+16
🇲🇽 Muisca · Mexico
909
-16
🇪🇨 Maya · Ecuador
905
-16
🇺🇸 Britons · United States
861
-14
🇬🇧 Tupi · United Kingdom
837
-13
DJoseLuis96
6:54 Loom
9:54 Feudal Age
10:21 Double-Bit Axe
10:18 Horse Collar
17:52 Castle Age
16:08 Stone Mining
18:43 Heavy Plow
24:24 Bow Saw
25:20 Gold Mining
27:19 Pikeman
27:19 Champi Runner
28:49 Elite Skirmisher
33:14 Padded Archer Armor
33:05 Fletching
33:25 Forging
33:23 Scale Mail Armor
34:31 Wheelbarrow
35:48 Bodkin Arrow
36:32 Iron Casting
39:47 Imperial Age
38:17 Bodkin Arrow
38:57 Champi Warrior
42:48 Elite Champi Warrior
44:46 Chain Mail Armor
44:32 Bracer
43:58 Crossbowman
44:48 Thumb Ring
47:00 Two-Man Saw
50:55 Leather Archer Armor
CounterTargetSpell
10:38 Feudal Age
11:39 Double-Bit Axe
12:08 Horse Collar
17:56 Castle Age
17:46 Gold Mining
19:19 Bow Saw
19:31 Fletching
20:22 Squires
20:35 Heavy Plow
21:14 Gold Shaft Mining
21:14 Scale Mail Armor
21:23 Pikeman
24:02 Wheelbarrow
23:51 Loom
24:27 Forging
25:09 Stone Mining
26:15 Champi Runner
28:06 Hand Cart
27:53 Champi Warrior
28:52 Chain Mail Armor
31:21 Iron Casting
31:45 Town Watch
31:51 Arson
33:41 Bodkin Arrow
35:45 Caciques
39:01 Imperial Age
37:06 Padded Archer Armor
38:04 Treadmill Crane
38:58 Ballistics
40:43 Conscription
39:47 Elite Champi Warrior
41:07 Plate Mail Armor
41:03 Halberdier
45:42 Leather Archer Armor
47:58 Elite Ibirapema Warrior
50:15 Curare
Blueper
10:35 Feudal Age
19:51 Castle Age
20:26 Pikeman
21:08 Squires
20:53 Arson
20:41 Crossbowman
23:00 Horse Collar
23:09 Double-Bit Axe
26:44 Wheelbarrow
34:36 Imperial Age
34:50 Hand Cart
36:15 Yeomen
35:53 Fletching
36:05 Padded Archer Armor
36:15 Arbalester
38:31 Bow Saw
38:01 Elite Skirmisher
41:15 Ballistics
42:01 Chemistry
41:35 Bodkin Arrow
44:25 Murder Holes
46:24 Bracer
46:40 Leather Archer Armor
Junior
4:08 Loom
13:00 Feudal Age
17:14 Castle Age
15:48 Fletching
17:08 Padded Archer Armor
17:55 Double-Bit Axe
17:52 Horse Collar
18:51 Crossbowman
23:40 Bodkin Arrow
29:28 Ballistics
29:14 Treadmill Crane
30:31 Eagle Warrior
30:57 Arson
31:13 Squires
36:53 Imperial Age
34:58 Scale Mail Armor
35:08 Forging
35:06 Heavy Plow
36:16 Elite Skirmisher
37:17 Forging
37:20 Caravan
37:58 Leather Archer Armor
38:39 Thumb Ring
39:10 Bracer
41:23 Chemistry
41:56 Iron Casting
41:59 Ring Archer Armor
43:29 Murder Holes
50:28 Capped Ram
Andresvq7
0:28 Loom
12:16 Feudal Age
13:37 Wheelbarrow
12:59 Double-Bit Axe
13:38 Horse Collar
16:17 Stone Mining
20:57 Castle Age
19:39 Gold Mining
19:58 Scale Barding Armor
20:04 Forging
20:53 Scale Mail Armor
23:29 Bow Saw
23:32 Heavy Plow
25:46 Stone Shaft Mining
26:33 Hand Cart
28:45 Szlachta Privileges
28:55 Bloodlines
28:46 Husbandry
31:14 Light Cavalry
32:11 Town Watch
35:58 Imperial Age
35:33 Iron Casting
35:51 Chain Barding Armor
36:49 Chain Mail Armor
37:32 Conscription
38:35 Crop Rotation
38:38 Cavalier
38:40 Winged Hussar
40:16 Lechitic Legacy
42:50 Treadmill Crane
44:11 Chemistry
43:32 Ballistics
46:17 Plate Mail Armor
47:20 Bombard Tower
48:44 Blast Furnace
nacho.joyita
7:52 Loom
10:01 Feudal Age
11:18 Double-Bit Axe
16:10 Castle Age
16:21 Fletching
16:33 Padded Archer Armor
16:24 Horse Collar
16:35 Gold Mining
18:45 Bow Saw
19:51 Wheelbarrow
22:57 Town Watch
25:37 Bodkin Arrow
28:03 Hand Cart
28:21 Ballistics
29:59 Town Patrol
31:06 Murder Holes
31:47 Bow Saw
32:57 Leather Archer Armor
37:16 Imperial Age
36:32 Caciques
39:06 Chemistry
38:46 Conscription
37:54 Elite Blackwood Archer
38:25 Champi Runner
41:29 Scale Mail Armor
41:30 Bracer
42:01 Ring Archer Armor
42:12 Curare
44:42 Champi Warrior
46:27 Hoardings
46:38 Gold Shaft Mining
47:10 Two-Man Saw
46:15 Heavy Plow
46:23 Elite Champi Warrior
49:54 Scale Mail Armor
50:05 Forging
MataLokas4216
4:01 Loom
11:15 Feudal Age
12:07 Double-Bit Axe
17:42 Forging
17:54 Horse Collar
22:33 Castle Age
20:57 Fletching
30:31 Stone Mining
30:31 Gold Mining
32:33 Bow Saw
32:06 Horse Collar
33:16 Iron Casting
36:40 Elite Skirmisher
37:39 Heavy Plow
40:31 Imperial Age
39:21 Wheelbarrow
41:21 Murder Holes
41:46 Ballistics
42:03 Hand Cart
42:58 Scale Mail Armor
43:47 Grand Trunk Road
44:23 Hoardings
47:30 Two-Man Saw
47:17 Gold Shaft Mining
47:17 Stone Shaft Mining
46:47 Elite Ghulam
49:20 Blast Furnace
48:36 Chain Mail Armor
48:20 Bodkin Arrow
48:25 Padded Archer Armor
48:31 Scale Barding Armor
50:15 Chemistry
51:13 Shatagni
52:40 Town Watch
Salvatoremancuso
9:35 Feudal Age
9:42 Loom
11:42 Double-Bit Axe
11:41 Horse Collar
18:52 Castle Age
18:16 Forging
18:07 Scale Mail Armor
18:11 Stone Mining
20:15 Wheelbarrow
20:16 Bow Saw
21:12 Heavy Plow
23:24 Chain Mail Armor
23:29 Hand Cart
33:27 Imperial Age
31:24 Gold Mining
33:18 Atlatl
36:27 Crop Rotation
37:52 Iron Casting
37:55 Plate Mail Armor
37:28 Capped Ram
37:59 Town Watch
38:21 Elite Jaguar Warrior
39:42 Town Patrol
40:17 Garland Wars
42:17 Blast Furnace
43:07 Conscription
42:26 Siege Ram
47:12 Elite Skirmisher
49:13 Chemistry
48:33 Ballistics
47:54 Treadmill Crane
48:11 Murder Holes
48:07 Heated Shot
49:38 Sappers
Connection lost

Rejoining the realm…

Still unreachable

The connection could not be restored.

Session expired

The server has moved on; the page needs a fresh start.